 Dungeon Crawl Stone Soup version 0.21.0-30-g47ce8e4 (webtiles) character file.

341 tidbits the Chopper (level 6, 47/47 HPs)
             Began as a Gnoll Wanderer on Jan 28, 2018.
             Quit the game on level 4 of the Dungeon.
             The game lasted 00:10:51 (1243 turns).

tidbits the Chopper (Gnoll Wanderer)                Turns: 1243, Time: 00:10:52

Health: 47/47      AC:  7    Str: 16    XL:     6   Next: 56%
Magic:  14/14      EV: 11    Int: 16    God:
Gold:   222        SH:  4    Dex: 13    Spells: 14/15 levels left

rFire    . . .     SeeInvis .   a - +2 hand axe
rCold    . . .     Gourm    .   D - +0 buckler
rNeg     . . .     Faith    .   B - +0 leather armour
rPois    .         Spirit   .   E - +1 helmet
rElec    .         Reflect  .   C - +0 cloak
rCorr    .         Harm     .   G - +0 pair of gloves
MR       .....                  (no boots)
Stlth    ++........             (no amulet)
HPRegen  0.15/turn              (no ring)
MPRegen  0.14/turn              (no ring)

@: no status effects
A: distributed training, fangs 1, strong nose
a: no special abilities


You were on level 4 of the Dungeon.
You were full.

You visited 2 branches of the dungeon, and saw 6 of its levels.

You collected 222 gold pieces.

Inventory:

Hand Weapons
 a - a +2 hand axe (weapon)
 l - a +0 shortbow
 o - a +0 hunting sling
 r - a +1 dagger of pain
   (You took it off a goblin on level 3 of the Dungeon)
Missiles
 j - 3 throwing nets (quivered) {!f}
 m - 15 arrows
 p - 22 stones
 s - 6 poisoned needles
Armour
 n - a +0 robe
 q - a +0 helmet
 B - a +0 leather armour (worn)
 C - a +0 cloak (worn)
 D - a +0 buckler (worn)
 E - a +1 helmet (worn)
 G - a +0 pair of gloves (worn)
Magical Staves
 d - an uncursed staff of death {unknown}
   (You found it on level 4 of the Dungeon)
Scrolls
 e - a scroll of remove curse
 g - 3 scrolls of teleportation
 i - 3 scrolls of identify
Potions
 f - 3 potions of curing
 k - 2 potions of ambrosia
 u - a potion of resistance
Books
 b - the Tome of Changing

   Spells                             Type                      Level
   a - Beastly Appendage              Transmutation                1
   b - Spider Form                    Transmutation/Poison         3
Comestibles
 c - 3 rations


   Skills:
 + Level 3.2 Fighting
 + Level 2.0 Short Blades
 + Level 2.0 Long Blades
 + Level 6.8 Axes
 + Level 2.0 Maces & Flails
 + Level 2.0 Polearms
 + Level 2.0 Staves
 + Level 2.0 Slings
 + Level 2.0 Bows
 + Level 2.0 Crossbows
 + Level 3.2 Throwing
 + Level 3.2 Armour
 + Level 2.0 Dodging
 + Level 3.1 Stealth
 + Level 2.0 Shields
 + Level 2.0 Unarmed Combat
 + Level 5.4 Spellcasting
 + Level 1.5 Conjurations
 + Level 1.5 Hexes
 + Level 2.6 Charms
 + Level 1.5 Summonings
 + Level 1.5 Necromancy
 + Level 1.5 Translocations
 + Level 1.5 Transmutations
 + Level 1.5 Fire Magic
 + Level 1.5 Ice Magic
 + Level 1.5 Air Magic
 + Level 1.5 Earth Magic
 + Level 1.5 Poison Magic
 + Level 2.2 Invocations
 + Level 2.0 Evocations


You had 14 spell levels left.
You knew the following spells:

 Your Spells              Type           Power        Failure   Level  Hunger
e - Beastly Appendage     Tmut           #.....       12%         1    None


Dungeon Overview and Level Annotations

Branches:
Dungeon (5/15)             Temple (1/1) D:4

Altars:
Elyvilon
Nemelex Xobeh
Vehumet
Xom
Yredelemnul
Zin
Lugonu


Innate Abilities, Weirdness & Mutations

Your experience applies equally to all skills.
You have very sharp teeth.
Your uncanny sense of smell can sniff out nearby items.


Message History

t - a marble ring Put on which piece of jewellery? (? for menu, Esc to quit)
You feel stupid.
Oops, that ring feels deathly cold.
t - a cursed -3 ring of intelligence (right hand)
You see here a sedimented green potion.
u - a sedimented green potion
As you read the scroll labeled NITEJI EFOGH, it crumbles to dust.
You feel as if something is helping you.
It was a scroll of remove curse.
Drop what? 25/52 slots (_ for help) (? for menu, Esc to quit)
You drop a cursed +0 dagger.
You remove your ring of loudness.
You drop an uncursed ring of loudness.
You remove your -3 ring of intelligence.
You feel clever.
You drop a -3 ring of intelligence.
Really walk into that teleport trap?
You enter a teleport trap!
The teleport trap disappears.
Your surroundings suddenly seem different.
Found a stone staircase leading up.
There is a stone staircase leading up here.
You climb upwards.
There is a stone staircase leading down here.
Unknown command.
You climb downwards.
There is a stone staircase leading up here.
Unknown command.
You open the door.
Found a scroll of teleportation.
Found a scroll of identify.
You see here a scroll of teleportation.
g - 3 scrolls of teleportation (gained 1)
You see here a scroll of identify.
As you read the scroll of identify, it crumbles to dust.
u - a potion of resistance
Found 14 gold pieces.
You see here 14 gold pieces.
You now have 213 gold pieces (gained 14).
Found 9 gold pieces.
A worker ant comes into view.
Found a scroll labeled UKUSURHOSO and a robe.
You see here 9 gold pieces.
You now have 222 gold pieces (gained 9).
Casting: Beastly Appendage
Confirm with . or Enter, or press ? or * to list all spells.
Your feet morph into talons.
The worker ant twitches its antennae in your direction.
You barely miss the worker ant. You claw the worker ant!
You bite the worker ant.
The worker ant is severely wounded.
The worker ant bites you but does no damage.
You hit the worker ant.
You kill the worker ant!
Your Short Blades skill increases to level 2!
Your Long Blades skill increases to level 2!
Your Maces & Flails skill increases to level 2!
Your Polearms skill increases to level 2!
Your Staves skill increases to level 2!
Your Slings skill increases to level 2!
Your Bows skill increases to level 2!
Your Crossbows skill increases to level 2!
Your Dodging skill increases to level 2!
Your Shields skill increases to level 2!
Your Unarmed Combat skill increases to level 2!
Your Evocations skill increases to level 2!
Your transformation is almost over.
You see here a scroll labeled UKUSURHOSO.
As you read the scroll labeled UKUSURHOSO, it crumbles to dust.
You feel aware of your surroundings.
It was a scroll of magic mapping.
Your talons disappear.
Found a robe.
Found a knobbly smoking staff.
A quokka comes into view.
Found a scroll of remove curse.
You see here a knobbly smoking staff.
d - a knobbly smoking staff
Casting: Beastly Appendage
Confirm with . or Enter, or press ? or * to list all spells.
Your feet morph into talons.
You barely miss the quokka. Your kick misses the quokka.
The quokka closely misses you.
You closely miss the quokka. Your kick misses the quokka.
You bite the quokka, but do no damage. The quokka misses you.
The quokka bites you but does no damage.
You hit the quokka.
You kill the quokka!
You see here a quokka corpse.
Your transformation is almost over.
You see here a scroll of remove curse.
e - a scroll of remove curse Your talons disappear.
There is a stone staircase leading up here.
You climb upwards.
There is a stone staircase leading down here.
Unknown command.
There is a stone staircase leading down here.
You climb downwards.
There is a stone staircase leading up here.
Unknown command.
Are you sure you want to abandon this character and quit the game? (Confirm with "yes".)

### #@# #.#
#.# #.#####
#.....#
#####.#######
# #.......# #
#######.# #
#.# #


There were no monsters in sight!

Vanquished Creatures
  A centaur (D:3)
  2 orc wizards (D:3)
  An iguana (D:4)
  A worker ant (D:4)
  Robin (D:3)
  5 adders
  An ooze (D:1)
  An adder skeleton (D:4)
  2 worms (D:2)
  3 dart slugs
  3 leopard geckos
  7 orcs (D:3)
  5 giant cockroaches
  8 hobgoblins
  3 quokkas
  2 ball pythons
  6 bats
  9 frilled lizards
  15 goblins
  4 kobolds
  2 rats
82 creatures vanquished.

Notes
Turn   | Place    | Note
-------+----------+-------------------------------------------
     0 | D:1      | tidbits the Gnoll Wanderer began the quest for the Orb.
     0 | D:1      | tidbits set off with: a +2 hand axe, the Tome of Changing, a potion of curing, a +0 robe, a ration
     0 | D:1      | Reached XP level 1. HP: 17/17 MP: 6/6
    25 | D:1      | Identified the Tome of Changing
    27 | D:1      | Learned a level 1 spell: Beastly Appendage
   137 | D:1      | Reached skill level 2 in Charms
   152 | D:1      | Reached XP level 2. HP: 18/23 MP: 5/7
   337 | D:1      | Reached XP level 3. HP: 24/28 MP: 7/9
   392 | D:3      | Noticed a centaur
   399 | D:3      | Killed a centaur
   399 | D:3      | Reached skill level 1 in Short Blades
   399 | D:3      | Reached skill level 1 in Long Blades
   399 | D:3      | Reached skill level 1 in Maces & Flails
   399 | D:3      | Reached skill level 1 in Polearms
   399 | D:3      | Reached skill level 1 in Staves
   399 | D:3      | Reached skill level 1 in Slings
   399 | D:3      | Reached skill level 1 in Bows
   399 | D:3      | Reached skill level 1 in Crossbows
   399 | D:3      | Reached skill level 1 in Dodging
   399 | D:3      | Reached skill level 1 in Shields
   399 | D:3      | Reached skill level 1 in Unarmed Combat
   399 | D:3      | Reached skill level 5 in Spellcasting
   399 | D:3      | Reached skill level 1 in Conjurations
   399 | D:3      | Reached skill level 1 in Hexes
   399 | D:3      | Reached skill level 1 in Summonings
   399 | D:3      | Reached skill level 1 in Necromancy
   399 | D:3      | Reached skill level 1 in Translocations
   399 | D:3      | Reached skill level 1 in Transmutations
   399 | D:3      | Reached skill level 1 in Fire Magic
   399 | D:3      | Reached skill level 1 in Ice Magic
   399 | D:3      | Reached skill level 1 in Air Magic
   399 | D:3      | Reached skill level 1 in Earth Magic
   399 | D:3      | Reached skill level 1 in Poison Magic
   399 | D:3      | Reached skill level 1 in Invocations
   399 | D:3      | Reached skill level 1 in Evocations
   399 | D:3      | Reached XP level 4. HP: 14/34 MP: 9/11
   480 | D:3      | Reached XP level 5. HP: 13/40 MP: 12/12
   482 | D:3      | Reached skill level 3 in Fighting
   482 | D:3      | Reached skill level 3 in Throwing
   482 | D:3      | Reached skill level 3 in Armour
   757 | D:3      | Reached XP level 6. HP: 44/47 MP: 13/13
   799 | D:3      | Noticed Robin
   815 | D:3      | Reached skill level 2 in Invocations
   826 | D:3      | Killed Robin
   826 | D:3      | Reached skill level 3 in Stealth
   942 | D:4      | Found a staircase to the Ecumenical Temple.
   951 | Temple   | Entered the Ecumenical Temple
   990 | D:4      | Found a white marble altar of Elyvilon.
  1070 | D:5      | Entered Level 5 of the Dungeon
  1177 | D:4      | Reached skill level 2 in Short Blades
  1177 | D:4      | Reached skill level 2 in Long Blades
  1177 | D:4      | Reached skill level 2 in Maces & Flails
  1177 | D:4      | Reached skill level 2 in Polearms
  1177 | D:4      | Reached skill level 2 in Staves
  1177 | D:4      | Reached skill level 2 in Slings
  1177 | D:4      | Reached skill level 2 in Bows
  1177 | D:4      | Reached skill level 2 in Crossbows
  1177 | D:4      | Reached skill level 2 in Dodging
  1177 | D:4      | Reached skill level 2 in Shields
  1177 | D:4      | Reached skill level 2 in Unarmed Combat
  1177 | D:4      | Reached skill level 2 in Evocations
  1243 | D:4      | Quit the game

Skill      XL: |  1  2  3  4  5  6 |
---------------+-------------------+-----
Charms         | 2 |  2.6
Short Blades   | 1 2 |  2.0
Long Blades    | 1 2 |  2.0
Maces & Flails | 1 2 |  2.0
Polearms       | 1 2 |  2.0
Staves         | 1 2 |  2.0
Slings         | 1 2 |  2.0
Bows           | 1 2 |  2.0
Crossbows      | 1 2 |  2.0
Dodging        | 1 2 |  2.0
Shields        | 1 2 |  2.0
Unarmed Combat | 1 2 |  2.0
Spellcasting   | 5 |  5.4
Conjurations   | 1 |  1.5
Hexes          | 1 |  1.5
Summonings     | 1 |  1.5
Necromancy     | 1 |  1.5
Translocations | 1 |  1.5
Transmutations | 1 |  1.5
Fire Magic     | 1 |  1.5
Ice Magic      | 1 |  1.5
Air Magic      | 1 |  1.5
Earth Magic    | 1 |  1.5
Poison Magic   | 1 |  1.5
Invocations    | 1 2 |  2.2
Evocations     | 1 2 |  2.0
Fighting       | 3 |  3.2
Throwing       | 3 |  3.2
Armour         | 3 |  3.2
Stealth        | 3 |  3.1
Axes           | |  6.8

Action                   |  1- 3 |  4- 6 || total
-------------------------+-------+-------++-------
Melee: Hand axe          |    39 |   145 ||   184
       Kick              |     8 |    27 ||    35
       Bite              |     4 |    16 ||    20
Throw: Throwing net      |       |     1 ||     1
 Cast: Beastly Appendage |    11 |    24 ||    35
  Use: Potion            |       |     7 ||     7
       Scroll            |       |     6 ||     6
 Stab: Sleeping          |     3 |     1 ||     4
  Eat: Ration            |       |     2 ||     2
Armor: Robe              |     9 |     1 ||    10
       Leather armour    |       |    37 ||    37
Dodge: Dodged            |    17 |    97 ||   114
Block: Buckler           |       |     3 ||     3

Table legend:
 A = Turns spent in this place as a percentage of turns spent in the entire game.
 B = Non-inter-level travel turns spent in this place as a percentage of non-inter-level travel turns spent in the entire game.
 C = Inter-level travel turns spent in this place as a percentage of turns spent in this place.
 D = Turns resting spent in this place as a percentage of non-inter-level travel turns spent in this place.
 E = Turns spent auto-exploring this place as a percentage of non-inter-level travel turns spent in this place.
 F = Non-inter-level travel turns spent in this place divided by the number of levels of this place that you've seen.
                   A       B       C       D       E      F
               +-------+-------+-------+-------+-------+----------------------
         Total | 100.0 | 100.0 |   1.3 |   0.0 |   0.0 | 204.5
       Dungeon |  98.1 |  98.0 |   1.3 |   0.0 |   0.0 | 240.6
        Temple |   1.9 |   2.0 |   0.0 |   0.0 |   0.0 |  24.0
               +-------+-------+-------+-------+-------+----------------------

Table legend:
 A = Kills in this place as a percentage of kills in entire the game.
 B = Kills by you in this place as a percentage of kills by you in the entire game.
 C = Kills by friends in this place as a percentage of kills by friends in the entire game.
 D = Other kills in this place as a percentage of other kills in the entire game.
 E = Experience gained in this place as a percentage of experience gained in the entire game.
 F = Experience gained in this place divided by the number of levels of this place that you have seen.
                   A       B       C       D       E      F
               +-------+-------+-------+-------+-------+----------------------
         Total | 100.0 | 100.0 |   N/A |   N/A | 100.0 |  81.3
       Dungeon | 100.0 | 100.0 |   N/A |   N/A | 100.0 |  97.6
               +-------+-------+-------+-------+-------+----------------------

Vault maps used:
D:1:      dpeg_arrival_three_same_balls, minmay_misc_feat_enclosed,
          grunt_decor_one_mirror
D:2:      corexii_item_surrounded_by_moat, minmay_hexomino_f4
D:3:      kennysheep_potato, uniq_natasha, uniq_robin
D:4:      minmay_temple_entry_mist, first_ration, elyvilon_altar_5
Temple:   corrupted_temple
